 Dungeon Crawl Stone Soup version 0.28.0 (webtiles) character file.

Game seed: 11143353302633387721

30 flotson the Chopper (level 3, -1/27 HPs)
             Began as a Demonspawn Gladiator on Feb 8, 2022.
             Slain by a goblin (2 damage)
             ... on level 1 of the Dungeon.
             The game lasted 00:01:09 (697 turns).

flotson the Chopper (Demonspawn Gladiator)           Turns: 697, Time: 00:01:10

Health: -1/27      AC:  8    Str: 16    XL:     3   Next: 3%
Magic:  3/3        EV:  7    Int:  9    God:
Gold:   35         SH:  0    Dex: 14    Spells: 2/2 levels left

rFire   . . .      SeeInvis .   a - +0 war axe
rCold   . . .      Faith    .   (no shield)
rNeg    . . .      Spirit   .   g - +0 chain mail
rPois   .          Reflect  .   (helmet restricted)
rElec   .          Harm     .   (no cloak)
rCorr   .          Rampage  .   (no gloves)
Will    .....                   (no boots)
Stlth   ..........              (no amulet)
HPRegen 0.09/turn               (no ring)
MPRegen 0.08/turn               (no ring)

@: no status effects
A: horns 1
a: no special abilities


You were on level 1 of the Dungeon.
You visited 1 branch of the dungeon, and saw 1 of its levels.

You collected 35 gold pieces.

Inventory:

Hand Weapons
 a - a +0 war axe (weapon)
Missiles
 d - 3 throwing nets
 f - 2 poisoned darts (quivered)
Armour
 g - a +0 chain mail (worn)
Potions
 c - a potion of berserk rage {unknown}
 e - a potion of haste {unknown}


   Skills:
 + Level 2.2 Fighting
 + Level 2.9 Axes
 + Level 2.0 Throwing
 * Level 1.3 Armour
 + Level 2.9 Dodging


You had 2 spell levels left.
You didn't know any spells.
Your spell library was empty.

Dungeon Overview and Level Annotations

Branches:
Dungeon (1/15)

Altars:


Innate Abilities, Weirdness & Mutations

You have a pair of small horns on your head.


Message History

You are too injured to fight recklessly!
You are too injured to fight recklessly!
You are too injured to fight recklessly!
You are too injured to fight recklessly!
You are too injured to fight recklessly!
You are too injured to fight recklessly!
You are too injured to fight recklessly!
You are too injured to fight recklessly!
You are too injured to fight recklessly!
You are too injured to fight recklessly!
You closely miss the hobgoblin.
The hobgoblin is lightly wounded.
The hobgoblin hits you.
The rat twitches its whiskers.
The hobgoblin barely misses you.
You barely miss the hobgoblin. Your headbutt misses the hobgoblin.
The hobgoblin is lightly wounded.
The hobgoblin hits you but does no damage.
You slash the hobgoblin!
You kill the hobgoblin!
The rat closely misses you.
You have reached level 3!
Your experience leads to an increase in your attributes!
Increase (S)trength, (I)ntelligence, or (D)exterity?
You feel stronger. x2
You hit the rat.
You kill the rat!
You barely miss the goblin. Your headbutt misses the goblin.
The goblin hits you but does no damage. x2
You closely miss the goblin. The goblin hits you with a +0 club.
* * * LOW HITPOINT WARNING * * *
You closely miss the goblin. The goblin hits you with a +0 club.
* * * LOW HITPOINT WARNING * * *
You barely miss the goblin. The goblin hits you but does no damage.
The goblin barely misses you.
You barely miss the goblin. Your headbutt misses the goblin.
The goblin hits you with a +0 club.
* * * LOW HITPOINT WARNING * * *
You hit the goblin but do no damage. The goblin hits you with a +0 club.
You die...

#.# #.# #. .#
###.#### #....
#######.......
..#. ..........#
...
#######...###
..# #........#
..# #.##.....#
##g.# .. #..##.#
##@# ##
#..##.###.##
#..##..)...#
#...........#
#............#
#####...........
############


You could see a goblin.

Vanquished Creatures
  A dart slug (D:1)
  A ball python (D:1)
  3 giant cockroaches (D:1)
  2 hobgoblins (D:1)
  4 jackals (D:1)
  2 kobolds (D:1)
  2 quokkas (D:1)
  3 bats (D:1)
  3 frilled lizards (D:1)
  4 rats (D:1)
25 creatures vanquished.

Vanquished Creatures (others)
  A rat (D:1)
1 creature vanquished.

Grand Total: 26 creatures vanquished

Notes
Turn   | Place    | Note
-------+----------+-------------------------------------------
     0 | D:1      | flotson the Demonspawn Gladiator began the quest for the
                  | Orb.
     0 | D:1      | Reached XP level 1. HP: 16/16 MP: 1/1
   199 | D:1      | Gained mutation: You have a pair of small horns on your
                  | head. [demonic ancestry]
   199 | D:1      | Reached XP level 2. HP: 22/22 MP: 2/2
   346 | D:1      | Reached skill level 1 in Armour
   691 | D:1      | Reached XP level 3. HP: 9/27 MP: 3/3
   696 | D:1      | HP: 1/27 [goblin (1)]
   697 | D:1      | Slain by a goblin

Illustrated notes

Levels and vault maps discovered:
D:1:      saegor_arrival_under_anarchy, layout_loops_ring, skrybe_limestone_x,
          minmay_surrounded

Skill      XL: |  1  2 |
---------------+-------+-----
Throwing       | 2 |  2.0
Armour         | 1 |  1.3
Fighting       | |  2.2
Axes           | |  2.9
Dodging        | |  2.9

Action                   || total
-------------------------++-------
Melee: War axe           ||    77
       Headbutt          ||     6
Armor: Leather armour    ||    12
       Chain mail        ||    24
Dodge: Dodged            ||    48
